AoeStats
← ameegs

Arena

505158339Analyzed
1v1 RM · 26d ago on Sep 8, 2026· 30m 32s· 2 players
Game mode
Random Map
Map size
Tiny (2 player)
Population
200
Speed
Normal
Resources
Standard
Victory
Conquest
Starting age
Dark Age
Ending age
Imperial Age
RankedLock teamsTeams togetherTeam positionsShared explorationLock speedFull tech treeHidden civsTurbo modeCheats
Victory
Defeat
🇦🇺 Gurjaras · Australia
932
+20
🇺🇸 Vietnamese · United States
952
-49
Irri
7:09 Loom
11:06 Feudal Age
17:38 Castle Age
16:04 Double-Bit Axe
16:01 Horse Collar
20:31 Gold Mining
21:29 Stone Mining
25:38 Wheelbarrow
26:49 Bloodlines
28:34 Heavy Plow
ameegs
9:55 Loom
12:24 Feudal Age
12:50 Double-Bit Axe
12:47 Horse Collar
16:19 Stone Mining
19:10 Gold Mining
21:55 Castle Age
22:48 Bow Saw
22:40 Heavy Plow
23:32 Light Cavalry
28:29 Stone Shaft Mining
Connection lost

Rejoining the realm…

Still unreachable

The connection could not be restored.

Session expired

The server has moved on; the page needs a fresh start.